 Dungeon Crawl Stone Soup version 0.22-a0-86-g94e0ad4 (webtiles) character file.

86 KristoblXynda the Insei (level 4, 0/35 HPs)
             Began as a Draconian Transmuter on Jan 21, 2018.
             Slain by an orc
             ... wielding a +0 trident
              (7 damage)
             ... on level 3 of the Dungeon.
             The game lasted 00:03:10 (2264 turns).

KristoblXynda the Insei (Draconian Transmuter)      Turns: 2264, Time: 00:03:11

Health: 0/35       AC:  5    Str: 17    XL:     4   Next: 27%
Magic:  7/7        EV: 12    Int: 14    God:
Gold:   85         SH:  0    Dex: 12    Spells: 4/7 levels left

rFire    . . .     SeeInvis .     - Unarmed
rCold    . . .     Gourm    .   (no shield)
rNeg     . . .     Faith    .   (armour unavailable)
rPois    .         Spirit   .   (helmet restricted)
rElec    .         Reflect  .   (no cloak)
rCorr    .         Harm     .   (no gloves)
MR       .....                  (boots currently unavailable)
Stlth    +.........             (no amulet)
HPRegen  0.11/turn              g - +5 ring of strength
MPRegen  0.10/turn              (no ring)

@: appendage (expiring), very slightly contaminated
A: unfitting armour, talons 3, cold-blooded, AC +5
a: End Transformation


You were on level 3 of the Dungeon.
You were hungry.
You had grown temporary talons.
You visited 1 branch of the dungeon, and saw 3 of its levels.

You collected 85 gold pieces.

Inventory:

Missiles
 a - 11 arrows
Jewellery
 g - a +5 ring of strength (left hand)
Scrolls
 d - 2 scrolls of teleportation {unknown}
 f - 2 scrolls of random uselessness {unknown}
 h - a scroll of remove curse {unknown}
 i - a scroll of immolation {unknown}
 l - 2 scrolls of amnesia {unknown}
 m - 8 scrolls of identify {unknown}
Potions
 e - 3 potions of flight {unknown}
 j - a potion of agility {unknown}
 k - a potion of resistance {unknown}
 n - a potion of curing {unknown}
 o - 2 potions of lignification {unknown}
 p - a potion of heal wounds {unknown}
Books
 b - a book of Changes

   Spells                             Type                      Level
   a - Beastly Appendage              Transmutation                1
   b - Sticks to Snakes               Transmutation                2
   c - Spider Form                    Transmutation/Poison         3
   d - Ice Form                       Ice/Transmutation            4
   e - Blade Hands                    Transmutation                5
Comestibles
 c - 2 rations


   Skills:
 - Level 1.1 Fighting
 - Level 2.0 Dodging
 * Level 4.4 Unarmed Combat
 - Level 2.0 Spellcasting
 + Level 3.0 Transmutations


You had 4 spell levels left.
You knew the following spells:

 Your Spells              Type           Power        Failure   Level  Hunger
a - Beastly Appendage     Tmut           ##....       7%          1    ##.....
b - Sticks to Snakes      Tmut           ##......     10%         2    ###....


Dungeon Overview and Level Annotations

Branches:
Dungeon (3/15)

Altars:
Fedhas


Innate Abilities, Weirdness & Mutations

Your plain brown scales are hard. (AC +5)
You cannot fit into any form of body armour.
You are cold-blooded and may be slowed by cold attacks.
You have claws for feet.


Message History

The orc closely misses you. Something hits you but does no damage.
You bump into the rock wall.
The orc hits you from afar with a trident.
Something hits you.
You're too confused to move!
Something hits you but does no damage. The orc closely misses you.
You bump into the rock wall.
Something hits you.
The orc hits you from afar with a trident.
You miss something. Something hits you but does no damage.
The orc hits you from afar with a trident.
You barely miss something. Your kick misses something.
You are feeling hungry.
Something hits you.
You're too confused to move!
Your transformation is almost over.
You feel less confused. Something hits you!
* * * LOW HITPOINT WARNING * * *
You hit something.
The orc hits you from afar with a trident!
You die...

... ##÷## ##.##......#
.....###.## ##....###.###
..........## ##.....#(#...#
########.#.###.#..###.###.##
######.##.#.#...#.....#...
#......###.##.###†###.###.
##......# #.##..†..# ..[#.
.....#..###.##.###.###.###.
#....o)@.##...#.....#...
.......)######.#.###.###).#
.......## #.#...#.#.....
#...... #.....###.....
#.##### ###.#.....#... .
#.###.#.#### ..# #.......
#### ########


You could see an orc.

Vanquished Creatures
  4 adders (D:2)
  A worm (D:3)
  A dart slug (D:1)
  3 leopard geckos
  2 orcs (D:3)
  3 bats
  A giant cockroach (D:2)
  5 goblins
  3 hobgoblins
  6 kobolds
  2 quokkas (D:3)
  2 ball pythons
  3 frilled lizards
  6 rats
42 creatures vanquished.

Vanquished Creatures (others)
  An orc (D:3)
1 creature vanquished.

Grand Total: 43 creatures vanquished

Notes
Turn   | Place    | Note
-------+----------+-------------------------------------------
     0 | D:1      | KristoblXynda the Draconian Transmuter began the quest for the Orb.
     0 | D:1      | Reached XP level 1. HP: 16/16 MP: 3/3
   103 | D:1      | Reached XP level 2. HP: 21/23 MP: 5/5
   733 | D:2      | Reached XP level 3. HP: 20/28 MP: 6/6
  1186 | D:2      | Reached skill level 4 in Unarmed Combat
  1349 | D:2      | Learned a level 2 spell: Sticks to Snakes
  1525 | D:2      | Reached XP level 4. HP: 26/35 MP: 7/7
  1748 | D:2      | Found a blossoming altar of Fedhas.
  2264 | D:3      | Slain by an orc

Vault maps used:
D:1:      dpeg_arrival_stone_temple_mockup
D:2:      lemuel_doored_altar
D:3:      minmay_quantized

Skill      XL: |  1  2  3  4 |
---------------+-------------+-----
Dodging        | 2 |  2.0
Unarmed Combat | 4 |  4.4
Transmutations | 3 |  3.0
Fighting       | |  1.1
Spellcasting   | |  2.0

Action                   |  1- 3 |  4- 6 || total
-------------------------+-------+-------++-------
Melee: Unarmed           |   120 |    43 ||   163
       Tailslap          |    10 |     9 ||    19
       Punch             |     3 |       ||     3
       Kick              |     4 |       ||     4
 Cast: Beastly Appendage |     2 |     1 ||     3
       Sticks to Snakes  |     1 |       ||     1
  Eat: Chunk             |     2 |     2 ||     4
Armor: Skin              |    32 |    14 ||    46
Dodge: Dodged            |    74 |    40 ||   114

Table legend:
 A = Spawn XP
 B = Non-spawn XP
 C = Spawn XP percentage of total XP
 D = Spawn monster count
 E = Non-spawn monster count
 F = Spawn count percentage of total count
 G = Total turns spent on level
                    A         B        C        D         E        F      G
               +---------+---------+-------+---------+---------+-------+---------
         Total |       0 |     124 |   0.0 |       0 |      42 |   0.0 |  2264
               +---------+---------+-------+---------+---------+-------+---------
           D:1 |       0 |      29 |   0.0 |       0 |      15 |   0.0 |   655
           D:2 |       0 |      71 |   0.0 |       0 |      17 |   0.0 |  1276
           D:3 |       0 |      24 |   0.0 |       0 |      10 |   0.0 |   333
               +---------+---------+-------+---------+---------+-------+---------
